 Dungeon Crawl Stone Soup version 0.28.0 (webtiles) character file.

Game seed: 2897861020396166193

1582 Dirian the Carver (level 8, -1/67 HPs)
             Began as a Barachi Fighter on Feb 13, 2022.
             Slain by an orc warrior (17 damage)
             ... on level 6 of the Dungeon.
             The game lasted 00:10:49 (7078 turns).

Dirian the Carver (Barachi Fighter)                 Turns: 7078, Time: 00:10:49

Health: -1/67      AC: 12    Str: 18    XL:     8   Next: 92%
Magic:  8/8        EV:  7    Int:  9    God:
Gold:   257        SH:  6    Dex: 13    Spells: 7/7 levels left

rFire   . . .      SeeInvis .   a - +0 long sword
rCold   . . .      Faith    .   c - +1 buckler
rNeg    . . .      Spirit   .   u - +0 chain mail
rPois   .          Reflect  .   (no helmet)
rElec   .          Harm     .   f - +0 cloak
rCorr   .          Rampage  .   (no gloves)
Will    .....                   k - +0 pair of boots
Stlth   ..........              (no amulet)
HPRegen 0.21/turn               (no ring)
MPRegen 0.11/turn               (no ring)

@: slow
A: amphibious, slowness 1, strong legs 1, +LOS
a: Hop


You were on level 6 of the Dungeon.
You visited 2 branches of the dungeon, and saw 7 of its levels.
You also visited: Sewer.

You collected 347 gold pieces.
You spent 90 gold pieces at shops.

Inventory:

Hand Weapons
 a - a +0 long sword (weapon)
Missiles
 v - 3 silver boomerangs (quivered)
Armour
 c - a +1 buckler (worn)
 f - a +0 cloak (worn)
 k - a +0 pair of boots (worn)
 u - a +0 chain mail (worn)
Jewellery
 l - a ring of resist corrosion
 B - a +4 ring of evasion
Wands
 o - a wand of paralysis (8)
 q - a wand of iceblast (14)
 x - a wand of charming (13)
 z - a wand of mindburst (9)
Scrolls
 d - 2 scrolls of fear
 h - a scroll of summoning {unknown}
 i - a scroll of enchant weapon
 p - a scroll of fog {unknown}
 r - 2 scrolls of identify
 s - a scroll of blinking {unknown}
 t - 2 scrolls of teleportation
 y - a scroll of magic mapping {unknown}
 A - a scroll of silence {unknown}
Potions
 b - a potion of brilliance {unknown}
 e - 3 potions of attraction
 g - a potion of cancellation {unknown}
 j - a potion of berserk rage {unknown}
 m - a potion of haste {unknown}
 n - a potion of mutation {unknown}
 w - a potion of heal wounds


   Skills:
 + Level 7.2 Fighting
 * Level 9.1 Long Blades
 + Level 2.4 Throwing
 + Level 6.0 Armour
 - Level 1.0 Dodging
 - Level 5.0 Shields


You had 7 spell levels left.
You didn't know any spells.
Your spell library contained the following spells:

 Spells                   Type           Power      Damage    Failure   Level
 Gell's Gravitas          Tloc           0%         N/A       100%        3
 Lesser Beckoning         Tloc           0%         N/A       100%        3
 Teleport Other           Tloc           0%         N/A       100%        3


Dungeon Overview and Level Annotations

Branches:
Dungeon (6/15)             Temple (1/1) D:4           Sewer (visited)

Altars:
Ashenzari
Fedhas
Gozag
Hepliaklqana
Makhleb
Trog
Uskayaw
Vehumet
Wu Jian
Xom
Yredelemnul
The Shining One

Shops:
D:2 *   D:3 ?   D:4 ?

Annotations:
D:2 1 runed translucent door, Crazy Yiuf


Innate Abilities, Weirdness & Mutations

You are amphibious.
You cover ground slowly.
You can hop short distances.
You have an extended range of vision and can be seen from far away.


Message History

The centaur hits you but does no damage.
The centaur kicks you but does no damage.
You barely miss the centaur.
The centaur is heavily wounded.
You block the centaur's attack.
The centaur kicks you but does no damage.
You hit the centaur.
The centaur is severely wounded.
The centaur closely misses you.
The centaur kicks you but does no damage.
You block the centaur's attack.
The centaur kicks you but does no damage.
You slash the centaur!
You kill the centaur!
Your Armour skill increases to level 6!
Found a scroll of identify.
Things that are here:
a +0 shortbow; 7 arrows
r - 2 scrolls of identify (gained 1)
An orc warrior comes into view. It is wielding a +0 war axe.
Found a glowing flail.
The orc warrior shouts!
You hear a shout!
Found a bloodstained altar of Trog.
Things that are here:
a +0 shortbow; 7 arrows The orc warrior hits you with a +0 war axe!!
The orc warrior hits you with a +0 war axe!
You slash the orc warrior!
The orc warrior is moderately wounded.
The orc warrior hits you with a +0 war axe!
You barely miss the orc warrior.
The orc warrior is moderately wounded.
The orc warrior hits you with a +0 war axe!
* * * LOW HITPOINT WARNING * * *
You hit the orc warrior.
The orc warrior is heavily wounded.
You hit the orc warrior but do no damage.
The orc warrior is heavily wounded.
The orc warrior hits you with a +0 war axe!
You die...

#.# #.# #...# #)# #.#
###...# #)# #.# #....# #)#
#.# #.o.# #.# #.######..#
#.# #........## #.#
######)### #.# #o# ### #.#
#@# #.# #.#
#.#####.########## #.#
#.................
#.############.#.#..(...##.
#................#..##.#.#.
###########.##........###..
#.........##.#.#.
#.######### #.### #.#######
#.###


You could see an orc warrior.

Vanquished Creatures
  Sigmund (D:2)
  Pargi (Sewer)
  4 centaurs
  An ogre (D:6)
  Blork the orc (D:5)
  A scorpion (D:6)
  A gnoll sergeant (D:4)
  A water moccasin zombie (D:6)
  A jelly (D:5)
  3 orc priests
  A centaur skeleton (D:4)
  A bullfrog skeleton (D:6)
  Jessica (D:3)
  5 iguanas
  Natasha (twice) (D:2)
  An orc wizard (D:4)
  Ijyb (D:4)
  A killer bee zombie (D:6)
  4 gnolls (D:4)
  9 adders
  A white imp (D:5)
  An adder skeleton (D:4)
  4 dart slugs
  16 orcs
  4 ball pythons
  5 bats
  6 endoplasms
  8 giant cockroaches
  7 hobgoblins
  4 jackals (D:5)
  6 quokkas
  A frilled lizard (D:2)
  11 goblins
  8 kobolds
  7 rats
130 creatures vanquished.

Notes
Turn   | Place    | Note
-------+----------+-------------------------------------------
     0 | D:1      | Dirian the Barachi Fighter began the quest for the Orb.
     0 | D:1      | Reached XP level 1. HP: 18/18 MP: 1/1
    73 | D:1      | Reached XP level 2. HP: 17/25 MP: 2/2
   453 | D:1      | Reached skill level 3 in Long Blades
   600 | D:1      | Reached XP level 3. HP: 24/30 MP: 3/3
   683 | D:1      | Reached skill level 1 in Dodging
   899 | D:2      | Found Ruavypro's Assorted Antiques.
  1040 | D:2      | Noticed Sigmund
  1069 | D:2      | Killed Sigmund
  1070 | D:2      | Reached skill level 4 in Long Blades
  1070 | D:2      | Reached XP level 4. HP: 8/38 MP: 4/4
  1070 | D:2      | Reached XP level 5. HP: 9/43 MP: 5/5
  1331 | D:2      | Found an ornate altar of the Wu Jian Council.
  1395 | D:2      | Noticed Natasha
  1407 | D:2      | Killed Natasha
  1571 | D:2      | Found a runed translucent door.
  1572 | D:2      | Noticed Crazy Yiuf
  1644 | D:2      | Reached XP level 6. HP: 49/49 MP: 6/6
  2207 | D:2      | Noticed Natasha
  2213 | D:2      | Killed Natasha
  2214 | D:2      | Reached skill level 5 in Long Blades
  2405 | D:3      | Found a faded altar of an unknown god.
  2641 | D:3      | Reached skill level 5 in Armour
  2895 | D:3      | Found Itug's Magic Scroll Boutique.
  2897 | D:3      | Noticed Jessica
  2907 | D:3      | Killed Jessica
  2908 | D:3      | Reached skill level 5 in Fighting
  3362 | D:4      | Found a staircase to the Ecumenical Temple.
  3435 | D:4      | Reached XP level 7. HP: 49/56 MP: 7/7
  3486 | D:4      | Reached skill level 6 in Long Blades
  3495 | D:4      | HP: 1/56 [gnoll sergeant (2)]
  3512 | D:4      | HP: 2/56 [gnoll (2)]
  3976 | D:4      | Found Ficoy's Magic Scroll Emporium.
  3981 | D:4      | Bought a scroll of enchant weapon for 90 gold pieces
  4112 | D:4      | Noticed Ijyb
  4125 | D:4      | Killed Ijyb
  4126 | D:4      | Reached skill level 5 in Shields
  4301 | Temple   | Entered the Ecumenical Temple
  4405 | D:5      | Entered Level 5 of the Dungeon
  4555 | D:5      | Found a broken altar of Ashenzari.
  4586 | D:5      | Noticed Blork the orc
  4616 | D:5      | Killed Blork the orc
  4617 | D:5      | Reached skill level 7 in Long Blades
  5260 | D:5      | Reached XP level 8. HP: 40/64 MP: 8/8
  5847 | D:6      | Reached skill level 8 in Long Blades
  5938 | D:6      | Reached skill level 1 in Throwing
  5997 | D:6      | Found a glowing drain.
  6028 | Sewer    | Entered a sewer
  6134 | Sewer    | Noticed Pargi
  6179 | Sewer    | Killed Pargi
  6831 | D:6      | Reached skill level 9 in Long Blades
  7066 | D:6      | Found a bloodstained altar of Trog.
  7078 | D:6      | Slain by an orc warrior

Illustrated notes

Levels and vault maps discovered:
D:1:      psy_arrival_dodecagon, layout_basic, minmay_hexomino_f4
D:2:      layout_loops_ring, basic_altar, serial_shops, nicolae_shop_trees,
          uniq_crazy_yiuf_cottage, uniq_sigmund, uniq_natasha
D:3:      minmay_recursive_quarters, layout_rooms,
          hellmonk_ecumenical_altar_leap_of_faith, serial_shops,
          nicolae_shop_crystal, kennysheep_generic_room_2, uniq_jessica
D:4:      layout_loops_ring, temple_pool_b, serial_shops,
          nicolae_shop_hallway_plus, uniq_ijyb
D:5:      layout_basic, mainiacjoe_overflow_paths, serial_glass,
          glass_columns_a, glass_columns_a, uniq_blork_the_orc
D:6:      layout_loops_ring, nzn_overflow_gifts_of_might_and_magic,
          gup_sewer_entry_pipe
Temple:   dpeg_three_leaves_temple

Skill      XL: |  1  2  3  4  5  6  7  8 |
---------------+-------------------------+-----
Long Blades    | 3 4 5 7 9 |  9.1
Dodging        | 1 |  1.0
Armour         | 4 5 6 |  6.0
Fighting       | 4 5 6 7 |  7.2
Shields        | 4 5 |  5.0
Throwing       | 2 |  2.4

Action                   |  1- 3 |  4- 6 |  7- 9 || total
-------------------------+-------+-------+-------++-------
Melee: Long sword        |    83 |   171 |   322 ||   576
 Abil: Hop               |     1 |       |       ||     1
  Use: Potion            |     1 |       |     2 ||     3
       Scroll            |       |     6 |       ||     6
Armor: Scale mail        |    30 |    59 |       ||    89
       Chain mail        |       |    28 |   223 ||   251
Dodge: Dodged            |    33 |    68 |   124 ||   225
Block: Buckler           |    18 |    36 |   102 ||   156
